 Dungeon Crawl Stone Soup version 0.20.1-1-g8b1a95d (webtiles) character file.

80468 Ladykiller69 the Eclecticist (level 15, -5/72 HPs)
             Began as a Deep Elf Conjurer on July 11, 2017.
             Was a High Priest of Vehumet.
             Slain by an alligator (22 damage)
             ... led by an alligator
             ... on level 1 of the Swamp on July 14, 2017.
             The game lasted 02:30:04 (26242 turns).

Ladykiller69 the Eclecticist (Deep Elf Conjurer)   Turns: 26242, Time: 02:30:07

Health: -5/72      AC:  5    Str:  3    XL:     15   Next: 23%
Magic:  4/37       EV: 19    Int: 32    God:    Vehumet [*****.]
Gold:   1907       SH:  0    Dex: 13    Spells: 6/46 levels left

rFire    + . .     SeeInvis .   K - staff of conjuration
rCold    + + +     Gourm    .   (no shield)
rNeg     . . .     Faith    .   b - +0 robe of Corhi {rC+++ MR++ rCorr Dex-2}
rPois    +         Spirit   .   u - +0 helmet
rElec    .         Reflect  .   (no cloak)
rCorr    +         Harm     .   i - +0 pair of gloves {archery}
MR       +++..                  Y - +0 pair of boots
Stlth    ++........             (no amulet)
Regen    0.3/turn               q - ring of poison resistance
MPRegen  0.3/turn               a - ring "Mexoqas" {rCorr rF+ Str-2 Int+5}

@: no status effects
A: no striking features
a: Renounce Religion


You were on level 1 of the Swamp.
You worshipped Vehumet.
Vehumet was extremely pleased with you.
You were not hungry.

You visited 4 branches of the dungeon, and saw 22 of its levels.

You collected 2635 gold pieces.
You spent 728 gold pieces at shops.

Inventory:

Armour
 b - the +0 robe of Corhi (worn) {rC+++ MR++ rCorr Dex-2}
   (You bought it in a shop on level 2 of the Orcish Mines)

   It affects your dexterity (-2).
   It renders you almost immune to cold.
   It affects your resistance to hostile enchantments.
   It protects you from acid and corrosion.
 i - a +0 pair of gloves of archery (worn)
 u - a +0 helmet (worn)
 H - +0 steam dragon scales
 Y - a +0 pair of boots (worn)
Magical Staves
 x - an uncursed staff of wizardry
 K - an uncursed staff of conjuration (weapon)
 O - an uncursed staff of air
Jewellery
 a - the ring "Mexoqas" (right hand) {rCorr rF+ Str-2 Int+5}
   (You bought it in a shop on level 2 of the Orcish Mines)

   [ring of resist corrosion]

   It affects your strength (-2).
   It affects your intelligence (+5).
   It protects you from fire.
 q - a ring of poison resistance (left hand)
 L - an uncursed ring of protection from fire
 M - the ring of Hogotolo {rCorr *Drain rF+ Str-3 Dex+6}
   (You took it off a wight on level 7 of the Dungeon)

   [ring of resist corrosion]

   It affects your strength (-3).
   It affects your dexterity (+6).
   It protects you from fire.
   It causes draining when unequipped.
Wands
 W - a wand of scattershot (5/9)
Scrolls
 h - 8 scrolls of remove curse
 k - 3 scrolls of magic mapping
 l - 5 scrolls of teleportation
 n - a scroll of fear
 r - 4 scrolls of enchant armour
 y - a scroll of blinking
 A - 5 scrolls of fog
 E - a scroll of summoning {unknown}
 F - 2 scrolls of acquirement {unknown}
 G - 3 scrolls of immolation
 N - a scroll of random uselessness {unknown}
 T - a scroll of recharging {unknown}
 U - 2 scrolls of enchant weapon {unknown}
 X - 3 scrolls of amnesia
Potions
 d - a potion of haste
 e - a potion of might {unknown}
 j - 5 potions of heal wounds
 p - 3 potions of mutation
 s - 11 potions of curing
 t - 4 potions of cancellation
 v - a potion of invisibility
 z - 3 potions of agility
 B - 2 potions of flight
 P - a potion of brilliance {unknown}
 Q - a potion of magic {unknown}
 R - 3 potions of resistance
 S - a potion of degeneration {unknown}
Comestibles
 c - 9 bread rations
 f - 20 fruits
 g - 5 chunks of flesh
 m - 14 meat rations
 o - 12 royal jellies


   Skills:
 + Level 12.2 Dodging
 - Level 3.0 Stealth
 + Level 16.4 Spellcasting
 + Level 16.2 Conjurations
 - Level 11.7 Hexes
 - Level 4.0 Charms
 - Level 5.1 Translocations
 * Level 11.0 Air Magic
 - Level 5.3 Earth Magic


You had 6 spell levels left.
You knew the following spells:

 Your Spells              Type           Power        Failure   Level  Hunger
a - Magic Dart            Conj           ####         0%          1    None
b - Dazzling Spray        Conj/Hex       ######       0%          3    None
c - Iskenderun's Mystic   Conj           ########     0%          4    None
d - Fulminant Prism       Conj/Hex       ########..   1%          4    None
e - Force Lance           Conj/Tloc      #######.     1%          4    None
f - Iron Shot             Conj/Erth      #######...   1%          6    ##.....
g - Lightning Bolt        Conj/Air       ########..   1%          5    None
h - Swiftness             Chrm/Air       ######..     1%          2    None
i - Conjure Ball Lightni  Conj/Air       ########..   1%          6    ##.....
j - Iskenderun's Battles  Conj/Chrm      #######.     1%          5    None


Dungeon Overview and Level Annotations

Branches:
Dungeon (13/15)            Temple (0/1) D:7            Lair (6/6) D:11
  Swamp (1/4) Lair:4       Spider (0/4) Lair:4        Slime (0/5) Lair:5
    Orc (2/2) D:9             Elf (0/3) Orc:2
 Vaults: D:13-14

Altars:
Dithmenos
Fedhas
Ru
Trog
Uskayaw
Vehumet
Xom
The Shining One
Beogh

Shops:
D:9 **(   D:11 =   Orc:2 **(=[*:

Portals:
Trove: D:12 (give 14 potions of heal wounds)

Annotations:
D:12 exclusion: door
D:13 exclusion: tengu conjurer


Message History

Your battlesphere fires!
The barrage of energy hits the vampire mosquito.
The vampire mosquito is moderately damaged.
The vampire mosquito completely misses you.
The alligator bites you. The alligator tail-slaps you.
The four-headed hydra bites your fulminant prism!
The four-headed hydra bites your fulminant prism.
The four-headed hydra bites your fulminant prism!
Your fulminant prism explodes!
The blast of energy engulfs the seven-headed hydra.
The seven-headed hydra is heavily wounded.
The blast of energy engulfs the four-headed hydra.
The four-headed hydra is lightly wounded.
The blast of energy engulfs the vampire mosquito.
You destroy the vampire mosquito!
Vehumet accepts your kill. The alligator bites you!!
The alligator tail-slaps you.
* * * LOW HITPOINT WARNING * * *
The vampire mosquito misses you. The alligator bites you!!
You die...

♣♣♣♣ ♣..≈♣
♣...≈. ♣..≈≈≈♣
♣♣≈.*≈≈.♣
♣@≈≈≈≈≈.♣
♣.tty≈≈≈≈..
.....≈≈≈≈≈≈≈≈
♣..≈≈≈.D......≈
♣♣.≈≈≈.≈D≈≈≈♣.≈
♣..≈§.≈≈≈≈≈♣♣≈%
♣.≈♣≈.♣≈≈≈D≈≈≈♣♣
..≈≈≈. ..≈≈≈≈≈.
♣≈≈...♣


You could see 2 alligators, a seven-headed hydra, 2 four-headed hydras, a
vampire mosquito and a friendly battlesphere.

Vanquished Creatures
  Rupert (Lair:4)
  2 orc warlords
  Nessos (Orc:2)
  5 dire elephants (Lair:6)
  Snorg (Orc:2)
  A fire dragon (Lair:6)
  Harold (Lair:1)
  7 hydras
  Fannar (D:12)
  3 centaur warriors
  An alligator (Swamp:1)
  A queen ant (Lair:3)
  4 two-headed ogres
  An anaconda (Lair:6)
  2 tengu warriors (D:13)
  5 orc high priests
  2 unseen horrors (D:13)
  A swamp dragon (Swamp:1)
  The ghost of appiemonkey the Archer, a novice CeHu (D:7)
  3 ugly things
  5 orc knights
  An orb spider (Lair:4)
  4 orc sorcerers (Orc:2)
  2 deep elf magi
  7 elephants
  4 black mambas
  3 spiny frogs
  A centaur skeleton (D:11)
  A gargoyle (D:12)
  A yaktaur (D:12)
  6 komodo dragons
  11 rime drakes (Lair:6)
  2 tengu conjurers (D:13)
  The ghost of Quirk the Chopper, an amateur HOFi of Beogh (D:4)
  5 trolls
  3 polar bears
  15 blink frogs
  7 hippogriffs
  3 slime creatures (D:12)
  4 dream sheep (Lair:4)
  2 vampires
  27 yaks
  4 wyverns
  8 vampire mosquitoes
  5 basilisks
  A hungry ghost (D:10)
  7 steam dragons (Lair:6)
  2 wargs
  2 swamp worms (Swamp:1)
  7 soldier ants
  8 water moccasins
  17 porcupines
  Duvessa (D:4)
  2 swamp drakes (Swamp:1)
  2 black bears
  6 sky beasts
  46 orc warriors
  3 phantoms
  A hornet zombie (D:11)
  4 ice beasts
  An eye of draining (D:8)
  13 ogres
  17 centaurs
  2 necrophages
  9 wolves
  8 crocodiles
  2 big kobolds
  21 bullfrogs
  A water moccasin zombie (D:7)
  Dowan (D:4)
  4 scorpions
  6 killer bees
  4 wights (D:7)
  4 electric eels
  6 howler monkeys
  8 crimson imps
  2 centaur zombies
  2 quasits
  7 hounds
  8 orc priests
  4 jellies
  4 bullfrog zombies
  2 bullfrog skeletons
  2 gnoll shamans
  27 orc wizards
  6 iguanas
  30 worker ants
  A hound zombie (D:6)
  3 hound skeletons
  A howler monkey zombie (D:10)
  7 gnolls
  8 adders
  8 shadow imps
  4 worms
  A dart slug (D:4)
  8 leopard geckos
  131 orcs
  2 ball pythons
  10 giant cockroaches
  6 hobgoblins
  16 jackals
  11 kobolds
  5 quokkas
  2 bats
  5 frilled lizards
  5 goblins
  2 goblin skeletons (D:9)
  A hobgoblin zombie (D:9)
  A kobold skeleton (D:9)
  2 kobold zombies (D:9)
  A leopard gecko skeleton (D:6)
  A leopard gecko zombie (D:8)
  An orc skeleton (D:9)
  An orc zombie (D:9)
  A quokka skeleton (D:4)
  A quokka zombie (D:7)
  2 rats (D:2)
  2 fulminant prisms
  10 fungi
  9 plants
755 creatures vanquished.

Vanquished Creatures (others)
  20 ball lightnings
  A yak (D:8)
  2 centaurs (D:13)
  A bullfrog (D:6)
  An orc (D:12)
  236 fulminant prisms
  30 fungi
  10 plants
301 creatures vanquished.

Grand Total: 1056 creatures vanquished

Notes
Turn   | Place    | Note
-------+----------+-------------------------------------------
     0 | D:1      | Ladykiller69 the Deep Elf Conjurer began the quest for the Orb.
     0 | D:1      | Reached XP level 1. HP: 10/10 MP: 6/6
   483 | D:1      | Reached XP level 2. HP: 15/15 MP: 4/8
   847 | D:2      | Found a bloodstained altar of Trog.
   893 | D:2      | Reached XP level 3. HP: 19/19 MP: 4/9
  1127 | D:2      | Reached skill level 5 in Conjurations
  1132 | D:2      | Learned a level 3 spell: Dazzling Spray
  1186 | D:2      | Found a radiant altar of Vehumet.
  1199 | D:2      | Became a worshipper of Vehumet
  1673 | D:3      | Reached XP level 4. HP: 24/24 MP: 7/11
  1680 | D:3      | Learned a level 4 spell: Iskenderun's Mystic Blast
  2416 | D:4      | Noticed Duvessa
  2416 | D:4      | Noticed Dowan
  2532 | D:4      | Reached skill level 1 in Hexes
  2611 | D:4      | Reached XP level 5. HP: 15/28 MP: 4/13
  2668 | D:4      | Noticed Quirk's ghost (amateur HOFi)
  2795 | D:4      | Learned a level 4 spell: Fulminant Prism
  2838 | D:4      | Got a scorched whip
  2842 | D:4      | Identified the +5 whip "Gofraytu" {slash, *Slow rPois rF+ Str+4} (You found it on level 4 of the Dungeon)
  3306 | D:4      | Killed Dowan
  3318 | D:4      | Killed Duvessa
  3318 | D:4      | Reached skill level 5 in Spellcasting
  3318 | D:4      | Reached XP level 6. HP: 20/32 MP: 0/15
  3455 | D:4      | Found a hide-covered altar of Uskayaw.
  3535 | D:4      | Found a shimmering altar of Xom.
  3659 | D:4      | Reached * piety under Vehumet
  3659 | D:4      | Offered knowledge of Flame Tongue by Vehumet.
  4129 | D:4      | Reached XP level 7. HP: 30/36 MP: 0/17
  4282 | D:4      | Killed Quirk's ghost
  4713 | D:5      | Entered Level 5 of the Dungeon
  4730 | D:5      | Reached skill level 5 in Hexes
  4870 | D:5      | Reached XP level 8. HP: 40/41 MP: 1/19
  4881 | D:5      | Learned a level 4 spell: Force Lance
  5411 | D:6      | Reached skill level 1 in Translocations
  5649 | D:6      | Got a polished war axe
  5650 | D:6      | Identified the +5 war axe "Myom" {freeze, +Blink rF- Int+5} (You found it on level 6 of the Dungeon)
  6311 | D:6      | Reached XP level 9. HP: 31/45 MP: 13/22
  6389 | D:7      | Found a blossoming altar of Fedhas.
  6394 | D:7      | Noticed a deep elf mage
  6407 | D:7      | Killed a deep elf mage
  6407 | D:7      | Reached ** piety under Vehumet
  6407 | D:7      | Offered knowledge of Shock by Vehumet.
  6407 | D:7      | Reached skill level 10 in Conjurations
  6665 | D:7      | Noticed appiemonkey's ghost (novice CeHu)
  6741 | D:7      | Found a shadowy altar of Dithmenos.
  7005 | D:7      | Killed appiemonkey's ghost
  7005 | D:7      | Reached skill level 5 in Dodging
  7431 | D:7      | Reached XP level 10. HP: 50/50 MP: 7/24
  7576 | D:7      | Got an ancient tin ring
  7640 | D:7      | Noticed a white ugly thing
  7650 | D:7      | Killed a white ugly thing
  7650 | D:7      | Reached skill level 5 in Translocations
  7801 | D:7      | Found a staircase to the Ecumenical Temple.
  7879 | D:7      | Found a runed door.
  7880 | D:7      | Found a runed door.
  7880 | D:7      | Noticed a green ugly thing
  7904 | D:7      | Killed a green ugly thing
  8064 | D:7      | Offered knowledge of Throw Frost by Vehumet.
  8072 | D:7      | Learned a level 6 spell: Iron Shot
  8211 | D:8      | Noticed a two-headed ogre
  8218 | D:8      | Killed a two-headed ogre
  8218 | D:8      | Reached skill level 1 in Earth Magic
  8708 | D:8      | Reached *** piety under Vehumet
  9181 | D:8      | Noticed a two-headed ogre
  9187 | D:8      | Killed a two-headed ogre
  9187 | D:8      | Reached skill level 10 in Spellcasting
  9187 | D:8      | Reached XP level 11. HP: 54/54 MP: 17/27
  9503 | D:8      | Offered knowledge of Mephitic Cloud by Vehumet.
  9940 | D:9      | Found Ipomo's Weapon Shop.
 10181 | D:9      | Found a glowing golden altar of the Shining One.
 10197 | D:9      | Reached **** piety under Vehumet
 10434 | D:9      | Found a staircase to the Orcish Mines.
 10505 | D:9      | Found Loevy's Assorted Antiques.
 10675 | D:9      | Offered knowledge of Venom Bolt by Vehumet.
 10696 | D:9      | Found a roughly hewn altar of Beogh.
 10743 | D:9      | Found a sacrificial altar of Ru.
 10797 | D:9      | Found Ikles's General Store.
 10908 | D:10     | Entered Level 10 of the Dungeon
 11295 | D:10     | Identified the ring of Hogotolo {rCorr *Drain rF+ Str-3 Dex+6} (You took it off a wight on level 7 of the Dungeon)
 11359 | D:10     | Reached ***** piety under Vehumet
 11450 | D:10     | Offered knowledge of Sticky Flame by Vehumet.
 11801 | D:11     | Noticed a two-headed ogre
 11804 | D:11     | Killed a two-headed ogre
 11861 | D:11     | Noticed a two-headed ogre
 11865 | D:11     | Killed a two-headed ogre
 11865 | D:11     | Reached skill level 10 in Hexes
 12258 | D:11     | Reached skill level 5 in Earth Magic
 12511 | D:11     | Found a staircase to the Lair.
 12550 | D:11     | Learned a level 5 spell: Lightning Bolt
 12747 | D:11     | Noticed a white ugly thing
 12751 | D:11     | Killed a white ugly thing
 12751 | D:11     | Reached skill level 1 in Air Magic
 12771 | D:11     | Found Rozufof's Jewellery Emporium.
 12780 | D:11     | Learned a level 2 spell: Swiftness
 13128 | D:12     | Noticed a centaur warrior
 13133 | D:12     | Reached XP level 12. HP: 49/59 MP: 24/29
 13136 | D:12     | Killed a centaur warrior
 13909 | D:12     | Noticed Fannar
 13915 | D:12     | Killed Fannar
 14306 | D:12     | Found a portal to a secret trove of treasure.
 15269 | D:13     | Noticed a tengu warrior
 15276 | D:13     | Killed a tengu warrior
 15356 | D:13     | Noticed a centaur warrior
 15361 | D:13     | Killed a centaur warrior
 15788 | D:13     | Reached skill level 5 in Air Magic
 15791 | D:13     | Noticed a centaur warrior
 15794 | D:13     | Killed a centaur warrior
 15964 | D:13     | Noticed a tengu warrior
 15967 | D:13     | Killed a tengu warrior
 16093 | Lair:1   | Entered Level 1 of the Lair of Beasts
 16101 | Lair:1   | Learned a level 6 spell: Conjure Ball Lightning
 16106 | Lair:1   | Noticed a five-headed hydra
 16111 | Lair:1   | Killed a five-headed hydra
 16349 | Lair:1   | Reached XP level 13. HP: 54/63 MP: 19/31
 17012 | Lair:1   | Noticed Harold
 17019 | Lair:1   | Killed Harold
 17119 | Lair:1   | Reached skill level 10 in Dodging
 17271 | Lair:2   | Offered knowledge of Iskenderun's Battlesphere by Vehumet.
 18803 | Lair:3   | Learned a level 5 spell: Iskenderun's Battlesphere
 19015 | Lair:3   | Reached skill level 1 in Charms
 19582 | Lair:4   | Found a staircase to the Swamp.
 19657 | Lair:4   | Found a hole to the Spider Nest.
 19775 | Lair:4   | Reached skill level 15 in Conjurations
 20225 | Lair:4   | Noticed Rupert
 20231 | Lair:4   | Killed Rupert
 21118 | Lair:5   | Reached skill level 15 in Spellcasting
 21436 | Lair:5   | Found a staircase to the Slime Pits.
 21547 | Lair:6   | Entered Level 6 of the Lair of Beasts
 21557 | Lair:6   | Reached XP level 14. HP: 68/68 MP: 29/35
 21617 | Lair:6   | Found a sacrificial altar of Ru.
 22710 | Lair:6   | Offered knowledge of Bolt of Fire by Vehumet.
 23862 | Orc:1    | Entered Level 1 of the Orcish Mines
 23908 | Orc:1    | Noticed an orc warlord
 23914 | Orc:1    | Killed an orc warlord
 24381 | Orc:1    | Reached skill level 10 in Air Magic
 24539 | Orc:2    | Entered Level 2 of the Orcish Mines
 24577 | Orc:2    | Found Cohu's General Store.
 24598 | Orc:2    | Found Meulur's General Store.
 24703 | Orc:2    | Noticed Nessos
 24706 | Orc:2    | Killed Nessos
 24880 | Orc:2    | Noticed Snorg
 24888 | Orc:2    | Killed Snorg
 25287 | Orc:2    | Found Ruddaheo's Book Shop.
 25313 | Orc:2    | Found a staircase to the Elven Halls.
 25352 | Orc:2    | Offered knowledge of Bolt of Draining by Vehumet.
 25356 | Orc:2    | Noticed an orc warlord
 25359 | Orc:2    | Reached XP level 15. HP: 51/72 MP: 19/37
 25366 | Orc:2    | Killed an orc warlord
 25410 | Orc:2    | Found Olienn's General Store.
 25410 | Orc:2    | Found Rexusiwn's Antique Armour Shop.
 25410 | Orc:2    | Found Taadeoso's Jewellery Shop.
 25410 | Orc:2    | Found Dirchuci's Antique Weapon Boutique.
 25480 | Orc:2    | Bought a distressingly furry robe for 205 gold pieces
 25490 | Orc:2    | Identified the +0 robe of Corhi {rC+++ MR++ rCorr Dex-2} (You bought it in a shop on level 2 of the Orcish Mines)
 25499 | Orc:2    | Bought the ring "Mexoqas" {rCorr rF+ Str-2 Int+5} for 523 gold pieces
 25780 | Swamp:1  | Entered Level 1 of the Swamp
 26242 | Swamp:1  | Slain by an alligator

Skill      XL: |  1  2  3  4  5  6  7  8  9 10 11 12 13 14 15 |
---------------+----------------------------------------------+-----
Dodging        | 3 5 7 8 9 10 11 12 | 12.2
Stealth        | 3 |  3.0
Conjurations   | 5 6 7 8 9 11 12 13 14 15 16 | 16.2
Spellcasting   | 4 5 6 7 8 10 11 12 15 16 | 16.4
Hexes          | 1 3 4 5 6 8 9 10 11 | 11.7
Translocations | 3 4 5 |  5.1
Earth Magic    | 2 5 |  5.3
Air Magic      | 1 5 7 10 11 | 11.0
Charms         | 4 |  4.0

Action                   |  1- 3 |  4- 6 |  7- 9 | 10-12 | 13-15 || total
-------------------------+-------+-------+-------+-------+-------++-------
Melee: Staff             |       |       |       |     2 |     5 ||     7
 Cast: Magic Dart        |    73 |   136 |   197 |   412 |   349 ||  1167
       Dazzling Spray    |       |     8 |    19 |    22 |    14 ||    63
       Fulminant Prism   |       |     5 |    18 |   131 |    85 ||   239
       Force Lance       |       |       |    12 |    65 |    42 ||   119
       Iskenderun's Myst |       |       |       |    15 |       ||    15
       Iron Shot         |       |       |       |    17 |   106 ||   123
       Lightning Bolt    |       |       |       |     4 |     7 ||    11
       Conjure Ball Ligh |       |       |       |     2 |     8 ||    10
       Iskenderun's Batt |       |       |       |       |    44 ||    44
Evoke: Wand              |       |       |       |     1 |       ||     1
  Use: Scroll            |       |     2 |       |     7 |    14 ||    23
       Potion            |       |     1 |     2 |       |     2 ||     5
  Eat: Chunk             |     2 |     7 |    11 |    31 |    45 ||    96
       Fruit             |       |     1 |     1 |       |     2 ||     4
       Royal jelly       |       |       |       |     1 |     1 ||     2
Armor: Robe              |     2 |    14 |    16 |    16 |     8 ||    56
       Steam dragon scal |       |       |       |       |     6 ||     6
Dodge: Dodged            |     6 |    56 |    67 |   111 |   107 ||   347
